 Dungeon Crawl Stone Soup version 0.19-a0-1866-ge6f2195 (webtiles) character file.

27 tyvek the Ruffian (level 2, 0/23 HPs)
             Began as a Draconian Transmuter on Oct 12, 2016.
             Succumbed to an adder's poison
             ... on level 2 of the Dungeon.
             The game lasted 00:01:46 (596 turns).

tyvek the Ruffian (Draconian Transmuter)             Turns: 596, Time: 00:01:46

Health: 0/23       AC:  5    Str: 12    XL:     2   Next: 93%
Magic:  4/5        EV: 12    Int: 13    God:
Gold:   59         SH:  0    Dex: 11    Spells: 1 memorised, 4 levels left

rFire  . . .     SeeInvis .       - Unarmed
rCold  . . .     Gourm    .     (armour unavailable)
rNeg   . . .     Faith    .     (no shield)
rPois  .         Spirit   .     (helmet restricted)
rElec  .         Dismiss  .     (no cloak)
rCorr  .         Reflect  .     (no gloves)
MR     .....     Harm     .     g - +0 pair of boots
Stlth  +.........               (no amulet)
                                (no ring)
                                (no ring)

@: lethally poisoned (0 -> -6), appendage
A: unfitting armour, horns 2, cold-blooded, AC +4
a: End Transformation


You were on level 2 of the Dungeon.
You were not hungry.
You had grown temporary horns.
You visited 1 branch of the dungeon, and saw 2 of its levels.

You collected 59 gold pieces.


Innate Abilities, Weirdness & Mutations

Your plain brown scales are hard. (AC +4)
You cannot fit into any form of body armour.
You are cold-blooded and may be slowed by cold attacks.
You have a pair of horns on your head.


   Skills:
 - Level 1.1 Fighting
 - Level 1.7 Dodging
 * Level 4.1 Unarmed Combat
 - Level 2.0 Spellcasting
 - Level 2.0 Transmutations


You had 4 spell levels left.
You knew the following spells:

 Your Spells              Type           Power        Failure   Level  Hunger
z - Beastly Appendage     Tmut           #.....       12%         1    ##.....

Inventory:

Missiles
 a - 12 arrows
Armour
 g - a +0 pair of boots (worn)
Scrolls
 d - 3 scrolls of enchant weapon {unknown}
Potions
 e - a potion of magic {unknown}
Books
 b - a book of Changes

   Spells                             Type                      Level
   a - Beastly Appendage              Transmutation                1
   b - Sticks to Snakes               Transmutation                2
   c - Spider Form                    Transmutation/Poison         3
   d - Ice Form                       Ice/Transmutation            4
   e - Blade Hands                    Transmutation                5
Comestibles
 c - 2 bread rations {@e1}
 h - a beef jerky {@e2}

Dungeon Overview and Level Annotations

Branches:
Dungeon (2/15)

Altars:

.......# .######
...... ......# .....
...<..### ...
........##### ..#
......#.....####.#####
......#####..........#
......# ##....@....#
......# #....S.$..#
......# #.........#
......# #.........#
####### ###########


You could see an adder.


Message History

You closely miss the adder.
You feel sick. The adder bites you but does no damage.
You barely miss the adder.
Your tail-slap misses the adder.
The adder bites you.
* * * LOW HITPOINT WARNING * * *
You hit the adder.
The adder is lightly wounded.
The adder bites you but does no damage.
You barely miss the adder.
The adder is lightly wounded.
* * * LOW HITPOINT WARNING * * *
You feel sick. The adder bites you but does no damage.
The adder barely misses you.
You miss the adder. The adder bites you.
* * * LOW HITPOINT WARNING * * *
You are more poisoned.
The adder poisons you!
Casting: Beastly Appendage
Confirm with . or Enter, or press ? or * to list all spells.
You grow a pair of large bovine horns.
The adder bites you but does no damage.
You closely miss the adder.
Your tail-slap misses the adder.
* * * LOW HITPOINT WARNING * * *
You feel sick. The adder completely misses you.
You hit the adder.
You headbutt the adder, but do no damage.
The adder is heavily wounded.
The adder barely misses you.
You miss the adder.
The adder is heavily wounded.
You die...

Skill      XL: |  1  2 |
---------------+-------+-----
Unarmed Combat | 4 |  4.1
Fighting       | |  1.1
Dodging        | |  1.7
Spellcasting   | |  2.0
Transmutations | |  2.0

Action                   || total
-------------------------++-------
Melee: Unarmed           ||    85
       Tailslap          ||     9
       Kick              ||     4
       Headbutt          ||     4
       Punch             ||     2
 Cast: Beastly Appendage ||    14
Armor: Skin              ||    46
Dodge: Dodged            ||    72

Vault maps used:
D:1:      moated_graveyard_arrival
D:2:      grunt_ministairs_9

Notes
Turn   | Place    | Note
-------+----------+-------------------------------------------
     0 | D:1      | tyvek the Draconian Transmuter began the quest for the Orb.
     0 | D:1      | Reached XP level 1. HP: 16/16 MP: 3/3
   152 | D:1      | Reached XP level 2. HP: 17/23 MP: 5/5
   583 | D:2      | Reached skill level 4 in Unarmed Combat
   592 | D:2      | HP: 2/23 [adder (2)]
   596 | D:2      | Succumbed to an adder's poison

Vanquished Creatures
  An adder (D:2)
  4 bats (D:1)
  3 giant cockroaches (D:1)
  A goblin (D:1)
  A hobgoblin (D:1)
  2 jackals (D:1)
  A kobold (D:1)
  3 frilled lizards (D:1)
16 creatures vanquished.
